 Dungeon Crawl Stone Soup version 0.22-a0-799-g88f5e907b7 (webtiles) character file.

22 Holzbalken the Grasshopper (level 2, -1/26 HPs)
             Began as a Naga Warper on July 21, 2018.
             Slain by an adder (2 damage)
             ... on level 2 of the Dungeon.
             The game lasted 00:02:49 (915 turns).

Holzbalken the Grasshopper (Naga Warper)             Turns: 915, Time: 00:02:50

Health: -1/26      AC:  2    Str: 13    XL:     2   Next: 91%
Magic:  5/5        EV:  9    Int: 13    God:
Gold:   41         SH:  0    Dex: 10    Spells: 1/5 levels left

rFire    + . .     SeeInvis +   a - +0 mace
rCold    . . .     Gourm    .   (no shield)
rNeg     . . .     Faith    .   b - +0 leather armour
rPois    +         Spirit   .   (no helmet)
rElec    .         Reflect  .   (no cloak)
rCorr    .         Harm     .   (no gloves)
MR       .....                  (no barding)
Stlth    +.........             (no amulet)
HPRegen  0.08/turn              h - ring of protection from fire
MPRegen  0.09/turn              (no ring)

@: lethally poisoned (-1 -> -5), invisible, very slow
A: large, see invisible, deformed body, poison resistance, slowness 2, slow
metabolism 1, spit poison 1, AC +0
a: Spit Poison


You were on level 2 of the Dungeon.
You were not hungry.

You visited 1 branch of the dungeon, and saw 2 of its levels.

You collected 41 gold pieces.

Inventory:

Hand Weapons
 a - a +0 mace (weapon)
Missiles
 e - 5 tomahawks of dispersal (quivered)
Armour
 b - a +0 leather armour (worn)
Jewellery
 h - a ring of protection from fire (left hand)
Scrolls
 c - 4 scrolls of teleportation {unknown}
 d - a scroll of blinking
 g - a scroll of random uselessness {unknown}
 i - a scroll of enchant armour {unknown}
 j - a scroll of immolation {unknown}
Potions
 l - a potion of curing {unknown}
 n - a potion of ambrosia {unknown}
Comestibles
 f - 2 rations


   Skills:
 - Level 2.0 Fighting
 + Level 2.9 Maces & Flails
 - Level 0.8 Throwing
 - Level 0.7 Armour
 - Level 1.5 Dodging
 - Level 2.0 Spellcasting
 * Level 3.4 Translocations


You had one spell level left.
You knew the following spells:

 Your Spells              Type           Power        Failure   Level  Hunger
a - Blink                 Tloc           N/A          12%         2    ###....
b - Shroud of Golubria    Chrm/Tloc      #.........   24%         2    ###....

Your spell library contained the following spells:

 Spells                   Type           Power        Failure   Level  Hunger
 Teleport Other           Tloc           ##......     24%         3    ####...
 Passage of Golubria      Tloc           N/A          63%         4    #####..
 Gell's Gravitas          Tloc           ##........   24%         3    ####...
 Lesser Beckoning         Tloc           ##........   24%         3    ####...


Dungeon Overview and Level Annotations

Branches:
Dungeon (2/15)

Altars:


Innate Abilities, Weirdness & Mutations

You cannot wear boots.
Your serpentine skin is tough. (AC +0)
You have supernaturally acute eyesight. (SInv)
Armour fits poorly on your strangely shaped body.
Your system is resistant to poisons. (rPois)
You cover ground very slowly.
You have a slow metabolism.
You can spit poison.


Message History

You are too injured to fight recklessly!
You are too injured to fight recklessly!
You are too injured to fight recklessly!
You are too injured to fight recklessly!
You closely miss the adder. The adder bites you.
* * * LOW HITPOINT WARNING * * *
You barely miss the adder. The adder bites you.
* * * LOW HITPOINT WARNING * * *
The adder misses you.
You hit the adder but do no damage. The adder bites you.
* * * LOW HITPOINT WARNING * * *
You are lethally poisoned!
The adder poisons you! The adder closely misses you.
You closely miss the adder.
* * * LOW HITPOINT WARNING * * *
You feel sick. The adder closely misses you.
It was a potion of invisibility.
You fade into invisibility!
The adder bites you but does no damage. The adder bites you.
You die...

...
##.#
#$%.
#..#
#..#


gg# #S# #@# #.# #<# ### You could see an adder and 2 goblins.

Vanquished Creatures
  An ooze (D:1)
  A dart slug (D:1)
  A leopard gecko (D:1)
  A ball python (D:1)
  2 giant cockroaches (D:1)
  2 goblins (D:1)
  A kobold (D:1)
  2 bats (D:1)
  A frilled lizard (D:1)
  3 rats
15 creatures vanquished.

Notes
Turn   | Place    | Note
-------+----------+-------------------------------------------
     0 | D:1      | Holzbalken the Naga Warper began the quest for the Orb.
     0 | D:1      | Reached XP level 1. HP: 19/19 MP: 3/3
   249 | D:1      | Reached XP level 2. HP: 26/26 MP: 5/5
   253 | D:1      | Learned a level 2 spell: Blink
   256 | D:1      | Learned a level 2 spell: Shroud of Golubria
   914 | D:2      | HP: 1/26 [poisoned by an adder]
   915 | D:2      | Slain by an adder

Vault maps used:
D:1:      kennysheep_arrival_seaside, minmay_bisected
D:2:      nicolae_overflow_hidden_temple, first_ration, uniq_sigmund,
          uniq_robin, uniq_terence

Action                   || total
-------------------------++-------
Melee: Mace              ||    65
  Use: Potion            ||     1
Armor: Leather armour    ||    23
Dodge: Dodged            ||    52

Table legend:
 A = Spawn XP
 B = Non-spawn XP
 C = Spawn XP percentage of total XP
 D = Spawn monster count
 E = Non-spawn monster count
 F = Spawn count percentage of total count
 G = Total turns spent on level
                    A         B        C        D         E        F      G
               +---------+---------+-------+---------+---------+-------+---------
         Total |       0 |      32 |   0.0 |       0 |      15 |   0.0 |   915
               +---------+---------+-------+---------+---------+-------+---------
           D:1 |       0 |      31 |   0.0 |       0 |      14 |   0.0 |   897
           D:2 |       0 |       1 |   0.0 |       0 |       1 |   0.0 |    18
               +---------+---------+-------+---------+---------+-------+---------
